 Dungeon Crawl Stone Soup version 0.30-a0-187-gd9c2deaf24 (webtiles) character file.

Game seed: 7195617069247862389

3521 pokeman the Thaumaturge (level 9, -3/50 HPs)
             Began as a Deep Elf Hedge Wizard on Oct 4, 2022.
             Was a Follower of Vehumet.
             Slain by a killer bee (6 damage)
             ... on level 8 of the Dungeon.
             The game lasted 00:22:33 (8070 turns).

pokeman the Thaumaturge (Deep Elf Hedge Wizard)     Turns: 8070, Time: 00:22:33

Health: -3/50      AC:  5    Str:  7    XL:     9   Next: 81%
Magic:  13/28      EV: 12    Int: 36    God:    Vehumet [*.....]
Gold:   172        SH:  0    Dex: 14    Spells: 18/34 levels left

rFire   . . .      SeeInvis .    q - +1 whip (venom)
rCold   . . .      Faith    .    (no shield)
rNeg    . . .      Spirit   .    p - +0 leather armour
rPois   .          Reflect  .    c - +0 hat
rElec   .          Harm     .    (no cloak)
rCorr   .          Rampage  .    s - +0 pair of gloves
Will    .....                    K - +0 pair of boots
Stlth   ++........               (no amulet)
HPRegen 0.28/turn                y - +6 ring of intelligence
MPRegen 0.21/turn                x - +6 ring of intelligence

@: lethally poisoned (-3 -> -10), on blink cooldown
A: no striking features
a: Renounce Religion


You were on level 8 of the Dungeon.
You worshipped Vehumet.
Vehumet was aware of your devotion.
You visited 2 branches of the dungeon, and saw 9 of its levels.

You collected 387 gold pieces.
You spent 215 gold pieces at shops.

Inventory:

Hand Weapons
 q - a +1 whip of venom (weapon)
 v - a +0 shortbow
Armour
 c - a +0 hat (worn)
 f - +0 swamp dragon scales
 p - a +0 leather armour (worn)
 s - a +0 pair of gloves (worn)
 D - the +1 ring mail "Yxesoig" {Str+4}
   (You found it on level 4 of the Dungeon)

   Str:       It affects your strength (+4).
 J - a +0 buckler
 K - a +0 pair of boots (worn)
Jewellery
 e - a ring of positive energy
 x - a +6 ring of intelligence (right hand)
 y - a +6 ring of intelligence (left hand)
 H - a ring "Afood" {rC+ Dex+5}
   (You bought it in a shop on level 5 of the Dungeon)

   [ring of protection from cold]

   Dex:       It affects your dexterity (+5).
   rC:        It protects you from cold.
 P - a ring of protection from fire
Wands
 M - a wand of flame (6)
 N - a wand of mindburst (18)
Scrolls
 a - a scroll of poison
 b - 3 scrolls of teleportation
 h - 5 scrolls of fear
 j - 3 scrolls of fog
 k - 2 scrolls of amnesia
 r - a scroll of blinking
 u - 2 scrolls of torment
 w - 2 scrolls of enchant weapon
 A - a scroll of magic mapping {unknown}
 C - 2 scrolls of noise {unknown}
 E - a scroll of vulnerability {unknown}
 G - a scroll of acquirement {unknown}
 O - 2 scrolls of silence {unknown}
Potions
 d - 2 potions of magic
 g - a potion of degeneration {unknown}
 i - 6 potions of curing {unknown}
 l - a potion of might {unknown}
 m - 2 potions of haste {unknown}
 n - 2 potions of brilliance {unknown}
 o - a potion of berserk rage {unknown}
 t - 2 potions of cancellation {unknown}
 z - a potion of attraction {unknown}
 B - 2 potions of mutation {unknown}
 F - 3 potions of flight {unknown}
 I - 2 potions of heal wounds {unknown}
Miscellaneous
 L - a piece from Xom's chessboard (15/15)


   Skills:
 - Level 3.0 Fighting
 - Level 3.2 Armour
 - Level 3.0 Dodging
 - Level 3.1 Stealth
 + Level 2.2 Shields
 * Level 13.2 Spellcasting
 + Level 7.4 Conjurations
 - Level 1.1 Summonings
 - Level 1.1 Translocations
 - Level 1.2 Air Magic
 - Level 1.3 Poison Magic
 - Level 2.0 Evocations


You had 18 spell levels left.
You knew the following spells:

 Your Spells              Type           Power      Damage    Failure   Level
a - Magic Dart            Conj           100%       1d8       1%          1
b - Mephitic Cloud        Conj/Pois/Air  48%        N/A       1%          3
c - Call Imp              Summ           31%        N/A       2%          2
d - Blink                 Tloc           62%        N/A       2%          2
e - Shock                 Conj/Air       100%       1d9       1%          1
f - Swiftness             Air            32%        N/A       4%          3
g - Airstrike             Air            16%        2d(3-19)  14%         4

Your spell library contained the following spells:

 Spells                   Type           Power      Damage    Failure   Level
 Freeze                   Ice            92%        1d10      2%          1
 Kiss of Death            Conj/Necr      100%       2d13      1%          1
 Dazzling Flash           Conj/Hex       100%       N/A       1%          3
 Slow                     Hex            92%        N/A       2%          1
 Cigotuvi's Dreadful Rot  Necr/Pois/Air  60%        N/A       2%          2
 Poisonous Vapours        Pois/Air       66%        N/A       2%          2
 Ensorcelled Hibernation  Hex/Ice        46%        N/A       3%          2
 Spider Form              Tmut/Pois      28%        N/A       5%          3
 Confusing Touch          Hex            23%        N/A       8%          3
 Anguish                  Hex/Necr       11%        N/A       24%         4
 Dispel Undead            Necr           23%        3d12      24%         4
 Silence                  Hex/Air        14%        N/A       45%         5
 Agony                    Necr           23%        N/A       56%         5


Dungeon Overview and Level Annotations

Branches:
Dungeon (8/15)             Temple (1/1) D:5
   Lair: D:8-11

Altars:
Ashenzari
Cheibriados
Dithmenos
Fedhas
Gozag
Hepliaklqana
Kikubaaqudgha
Nemelex Xobeh
Okawaru
Qazlal
Ru
Sif Muna
Trog
Uskayaw
Vehumet
Wu Jian
Xom
Yredelemnul

Shops:
D:5 *?(   D:7 *

Annotations:
D:7 1 transporter, Tollund's ghost, novice MfSu
Temple 2 transporters


Message History

Something hits you but does no damage. The killer bee stings you.
Casting: Airstrike (quite dangerous; 14% risk of failure)
Confirm with . or Enter, or press ? or * to list all spells.
Aiming: Magic Dart (safe; 1% risk of failure)
Press: ? - help, Shift-Dir - straight line, f/p - killer bee
Aim: a killer bee (almost dead, 100% to hit)
The magic dart hits the killer bee.
The killer bee is almost dead.
You feel sick.
The killer bee stings you but does no damage. x2
The killer bee stings you.
You are more poisoned.
The killer bee poisons you! Something hits you. Something shocks you.
The killer bee barely misses you.
Casting: Magic Dart (safe; 1% risk of failure)
Confirm with . or Enter, or press ? or * to list all spells.
Aiming: Magic Dart (safe; 1% risk of failure)
Press: ? - help, Shift-Dir - straight line, f/p - killer bee
Aim: a killer bee (almost dead, 100% to hit)
The magic dart hits the killer bee but does no damage.
The killer bee is almost dead.
You feel very sick.
You kill the killer bee!
Vehumet accepts your kill. The killer bee stings you.
* * * LOW HITPOINT WARNING * * *
A sky beast appears from thin air!
Reactivating autopickup.
The sky beast hits you.
* * * LOW HITPOINT WARNING * * *
The sky beast shocks you.
* * * LOW HITPOINT WARNING * * *
The killer bee stings you but does no damage.
Casting: Magic Dart (safe; 1% risk of failure)
Confirm with . or Enter, or press ? or * to list all spells.
You blink.
Found a scroll labelled SUYDOOLIOZ.
Found a stone staircase leading up.
* * * LOW HITPOINT WARNING * * *
You feel sick. The killer bee stings you.
You die...

#........# ##...##.....
. #........#
#.../....#...
##........####.......?#
......................#
##....................#
##....................#
#...........†.........#
#.........###§.....$..##
#............#§y@.....<.
#.......####.†.Y.?$...##
#..###### ###..†.....#
...# #.......## ##.#
#.......# ...#
#......... ####
##.../.#... # ........##
#


You could see a sky beast and a killer bee.

Vanquished Creatures
  Maggie (D:7)
  Prince Ribbit (D:5)
  2 ice beasts (D:6)
  A black bear (D:5)
  4 ogres
  The ghost of CougarLife the Insei, an amateur GnTm (D:3)
  2 centaurs
  A lemure (D:7)
  A phantom (D:6)
  4 scorpions (D:5)
  3 bullfrogs
  A gnoll sergeant (D:5)
  5 wights
  5 killer bees (D:8)
  A howler monkey (D:6)
  2 jellies
  A gnoll bouda (D:5)
  2 iguanas
  3 orc wizards
  8 gnolls (D:5)
  13 adders
  2 worms (D:2)
  4 dart slugs
  18 orcs
  4 bats
  7 endoplasms
  7 giant cockroaches
  3 goblins
  5 hobgoblins
  2 jackals (D:1)
  4 quokkas
  5 ball pythons
  A frilled lizard (D:3)
  10 kobolds
  2 rats (D:1)
136 creatures vanquished.

Vanquished Creatures (collateral kills)
  Pikel (D:7)
  An ogre (D:5)
  A bullfrog (D:3)
  A worm (D:3)
  An orc (D:5)
  A quokka (D:3)
6 creatures vanquished.

Vanquished Creatures (others)
  2 plants (D:5)
2 creatures vanquished.

Grand Total: 144 creatures vanquished

Notes
Turn   | Place    | Note
-------+----------+-------------------------------------------
     0 | D:1      | pokeman the Deep Elf Hedge Wizard began the quest for the
                  | Orb.
     0 | D:1      | Reached XP level 1. HP: 10/10 MP: 7/7
   238 | D:1      | Reached XP level 2. HP: 14/15 MP: 2/9
   565 | D:1      | Reached skill level 5 in Spellcasting
   729 | D:1      | Reached XP level 3. HP: 20/20 MP: 8/11
   733 | D:1      | Learned a level 3 spell: Mephitic Cloud
   736 | D:1      | Learned a level 2 spell: Call Imp
   739 | D:1      | Learned a level 2 spell: Blink
  1329 | D:2      | Reached skill level 1 in Armour
  1336 | D:2      | Reached skill level 1 in Fighting
  1820 | D:2      | Reached XP level 4. HP: 25/25 MP: 8/13
  2208 | D:3      | Noticed a centaur
  2219 | D:3      | Killed a centaur
  2220 | D:3      | Reached skill level 6 in Spellcasting
  2220 | D:3      | Reached XP level 5. HP: 19/29 MP: 10/15
  2419 | D:3      | Found an iron altar of Okawaru.
  2647 | D:3      | Found a runed translucent door.
  2649 | D:3      | Noticed CougarLife's ghost (amateur GnTm)
  2698 | D:3      | Found a runed translucent door.
  2978 | D:4      | Noticed an ogre
  2984 | D:4      | Killed an ogre
  2985 | D:4      | Reached skill level 1 in Air Magic
  2985 | D:4      | Reached skill level 1 in Poison Magic
  2985 | D:4      | Reached XP level 6. HP: 34/34 MP: 10/17
  3052 | D:4      | Reached skill level 7 in Spellcasting
  3335 | D:4      | Identified the +1 ring mail "Yxesoig" {Str+4}
  3639 | D:5      | Entered Level 5 of the Dungeon
  3646 | D:5      | Reached XP level 7. HP: 39/39 MP: 14/20
  3647 | D:5      | Reached skill level 8 in Spellcasting
  3689 | D:5      | Found a staircase to the Ecumenical Temple.
  3858 | Temple   | Entered the Ecumenical Temple
  3858 | Temple   | Found a transporter.
  3858 | Temple   | Found a transporter.
  3860 | Temple   | Found a transporter.
  3860 | Temple   | Found a transporter.
  3880 | Temple   | Became a worshipper of Vehumet
  3968 | D:5      | Reached skill level 9 in Spellcasting
  4016 | D:5      | Found Upsighoor's Assorted Antiques.
  4024 | D:5      | Bought a scroll labelled JOMEIQ MIKA for 18 gold pieces
  4024 | D:5      | Bought a yellow potion for 16 gold pieces
  4024 | D:5      | Bought a scroll labelled HIKIER MOTUR for 18 gold pieces
  4024 | D:5      | Bought a scroll labelled ADWIF SIUNOO for 18 gold pieces
  4024 | D:5      | Bought a glittering amber ring for 90 gold pieces
  4024 | D:5      | Identified a ring "Afood" {rC+ Dex+5} (You bought it in a
                  | shop on level 5 of the Dungeon)
  4180 | D:5      | Found Itextoen's Weapon Shop.
  4226 | D:5      | Reached XP level 8. HP: 45/45 MP: 12/23
  4248 | D:5      | Reached skill level 5 in Conjurations
  4470 | D:5      | Found Norall's Magic Scroll Emporium.
  4478 | D:5      | Bought a scroll of identify for 22 gold pieces
  4478 | D:5      | Bought a scroll of teleportation for 33 gold pieces
  4511 | D:5      | Noticed Prince Ribbit
  4529 | D:5      | Killed Prince Ribbit
  4530 | D:5      | Reached skill level 10 in Spellcasting
  4532 | D:5      | Reached * piety under Vehumet
  4532 | D:5      | Offered knowledge of Freeze by Vehumet.
  5197 | D:5      | Reached skill level 11 in Spellcasting
  5514 | D:6      | Reached XP level 9. HP: 50/50 MP: 12/26
  6311 | D:7      | Noticed Pikel
  6325 | D:7      | Killed Pikel
  6326 | D:7      | Reached skill level 12 in Spellcasting
  6326 | D:7      | Reached skill level 1 in Evocations
  6507 | D:7      | Found a transporter.
  6507 | D:7      | Noticed Tollund's ghost (novice MfSu)
  6508 | D:7      | Noticed a two-headed ogre
  6595 | D:7      | Learned a level 1 spell: Shock
  6599 | D:7      | Learned a level 3 spell: Swiftness
  6626 | D:7      | Found Dyufuhos's Desiderata Depot.
  7000 | D:7      | Found a basalt altar of Yredelemnul.
  7054 | D:7      | Noticed Maggie
  7111 | D:6      | Learned a level 4 spell: Airstrike
  7501 | D:7      | Killed Maggie
  7502 | D:7      | Reached skill level 1 in Shields
  7761 | D:3      | Killed CougarLife's ghost
  8059 | D:8      | Reached skill level 13 in Spellcasting
  8070 | D:8      | Slain by a killer bee

Illustrated notes

Levels and vault maps discovered:
D:1:      lemuel_arrival_broad_hall, layout_rooms,
          hangedman_abyss_or_decor_lesser_grid
D:2:      layout_basic
D:3:      layout_basic, nicolae_overflow_crystal_walls, ebering_ghost_sewer_f
D:4:      layout_cave_pools
D:5:      layout_loops_ring, temple_doors_e, serial_shops,
          nicolae_shop_overgrown_old_shop, nicolae_shop_statue_plus,
          kennysheep_mini_moat, bh_walls_and_bars, uniq_prince_ribbit1
D:6:      layout_loops_ring, roderic_roman_lattice, hangedman_decor_lopped,
          hellmonk_bongcloud_opening
D:7:      layout_basic, overflow_temple_1_default, gammafunk_ghost_smash,
          nicolae_alphabet_shops, uniq_maggie, uniq_pikel
D:8:      layout_rooms
Temple:   hellmonk_temple_divided_pantheon

Skill      XL: |  1  2  3  4  5  6  7  8  9 |
---------------+----------------------------+-----
Spellcasting   | 5 6 7 9 11 13 | 13.2
Armour         | 1 2 3 |  3.2
Fighting       | 1 2 3 |  3.0
Conjurations   | 2 3 4 6 7 |  7.4
Dodging        | 3 |  3.0
Stealth        | 3 |  3.1
Air Magic      | 1 |  1.2
Poison Magic   | 1 |  1.3
Evocations     | 2 |  2.0
Shields        | 2 |  2.2
Summonings     | |  1.1
Translocations | |  1.1

Action                   |  1- 3 |  4- 6 |  7- 9 || total
-------------------------+-------+-------+-------++-------
Melee: Dagger            |    24 |       |       ||    24
       Whip              |     4 |    19 |    66 ||    89
       Punch             |       |       |     2 ||     2
 Cast: Magic Dart        |   125 |    81 |   160 ||   366
       Mephitic Cloud    |       |     5 |    23 ||    28
       Call Imp          |       |       |    13 ||    13
       Blink             |       |       |     6 ||     6
       Airstrike         |       |       |    10 ||    10
Evoke: Wand              |       |       |     2 ||     2
       Piece from Xom's  |       |       |     1 ||     1
  Use: Scroll            |       |       |     7 ||     7
 Stab: Confused          |       |     4 |    13 ||    17
Armor: Robe              |     4 |       |       ||     4
       Leather armour    |     3 |     5 |    20 ||    28
Dodge: Dodged            |    40 |    19 |    56 ||   115

Table legend: (Time is in decaauts)
 A = Elapsed time spent in this place.
 B = Non-inter-level travel time spent in this place.
 C = Inter-level travel time spent in this place.
 D = Time resting spent in this place.
 E = Time spent auto-exploring this place.
 F = Levels seen in this place.
 G = Mean time per level.
                   A        B        C        D        E       F      G
               +--------+--------+--------+--------+--------+-----+--------+
         Total |   8091 |   7707 |    384 |    244 |   5982 |   9 |  899.0 |
       Dungeon |   8053 |   7669 |    384 |    244 |   5982 |   8 | 1006.6 |
        Temple |     38 |     38 |      0 |      0 |      0 |   1 |   38.0 |
               +--------+--------+--------+--------+--------+-----+--------+

Top non-repeatable levels by time:
     D:5: 1497 daAuts
     D:7: 1434 daAuts
     D:1: 1150 daAuts
     D:6: 1138 daAuts
     D:3: 967 daAuts
     D:2: 867 daAuts
     D:4: 830 daAuts
     D:8: 167 daAuts
  Temple: 38 daAuts
